 Dungeon Crawl Stone Soup version 0.17-a0-1545-gc1bb672 (webtiles) character file.

193 Lathuz the Conjurer (level 5, 0/28 HPs)
             Began as a Deep Elf Conjurer on July 18, 2015.
             Slain by an orc wizard
             ... wielding a +0 dagger
              (2 damage)
             ... on level 3 of the Dungeon.
             The game lasted 00:09:29 (3335 turns).

Lathuz the Conjurer (Deep Elf Conjurer)             Turns: 3335, Time: 00:09:29

Health: 0/28       AC:  2    Str:  5    XL:     5   Next: 43%
Magic:  0/11       EV: 13    Int: 21    God:
Gold:   181        SH:  0    Dex: 19    Spells: 1 memorised, 9 levels left

rFire  . . .     SeeInvis .     h - +0 dagger
rCold  . . .     Clarity  .     a - +0 robe
rNeg   . . .     SustAt   .     (no shield)
rPois  .         Gourm    .     (no helmet)
rElec  .         Spirit   .     (no cloak)
rCorr  .         Warding  .     (no gloves)
rMut   .         Stasis   .     (no boots)
MR     .....                    (no amulet)
Stlth  ++........               (no ring)
                                n - +4 ring of dexterity

@: not resistant to hostile enchantments, unstealthy
A: no striking features
a: no special abilities


You were on level 3 of the Dungeon.
You were not hungry.

You visited 1 branch of the dungeon, and saw 4 of its levels.

You collected 181 gold pieces.

Inventory:

Hand weapons
 h - a +0 dagger (weapon)
Armour
 a - a +0 robe (worn)
Jewellery
 n - a +4 ring of dexterity (left hand)
Scrolls
 d - a scroll of immolation {unknown}
 e - 5 scrolls of remove curse {unknown}
 i - 3 scrolls of teleportation {unknown}
 k - a scroll of amnesia {unknown}
 l - 2 scrolls of enchant weapon {unknown}
 m - 4 scrolls of identify {unknown}
 o - 2 scrolls of fear {unknown}
 p - a scroll of magic mapping {unknown}
Potions
 f - a potion of ambrosia {unknown}
 g - a potion of curing {unknown}
 j - a potion of brilliance {unknown}
Books
 b - a book of Conjurations

   Spells                             Type                      Level
   a - Magic Dart                     Conjuration                  1
   b - Searing Ray                    Conjuration                  2
   c - Dazzling Spray                 Conjuration/Hexes            3
   d - Fulminant Prism                Conjuration/Hexes            4
   e - Iskenderun's Mystic Blast      Conjuration                  4
   f - Iskenderun's Battlesphere      Conjuration/Charms           5
Comestibles
 c - 3 bread rations
 q - 4 fruits


   Skills:
 - Level 2.4 Dodging
 - Level 2.4 Stealth
 - Level 3.0 Spellcasting
 + Level 7.4 Conjurations


You had 9 spell levels left.
You knew the following spells:

 Your Spells              Type           Power        Failure   Level  Hunger
a - Magic Dart            Conj           ####         1%          1    None


Dungeon Overview and Level Annotations

Branches:
Dungeon (4/15)
 Temple: D:4-7

Altars:
The Shining One


Message History

Aim: an orc wizard, wielding a dagger and wearing a robe (moderately wounded, fast)
The magic dart hits the orc wizard.
The orc wizard is heavily wounded.
The orc wizard points at you and mumbles some strange words.
The puff of flame hits you!
* * * LOW HITPOINT WARNING * * *
The orc wizard hits you with a dagger.
* * * LOW HITPOINT WARNING * * *
Casting: Magic Dart
Confirm with . or Enter, or press ? or * to list all spells.
Aiming: Magic Dart
Press: ? - help, Shift-Dir - straight line, f/p - orc wizard
Aim: an orc wizard, wielding a dagger and wearing a robe (heavily wounded, fast)
The magic dart hits the orc wizard.
The orc wizard is severely wounded.
The orc wizard closely misses you.
You closely miss the orc wizard.
The orc wizard is severely wounded.
The orc wizard hits you with a dagger.
You die...

#.#.###.#.# #......#
#.#.....#.# #......#
#.#######.# #......#
#.........# #......# ##
############ #......# .#
#..........# #......# .#
#.########.# #..##### .#
#.########.###..#### .######
#......@o.......##.## .##...#
#######.##.###..##..## .##...#
##.##.#######...## .##)..#####
#..(....# ###....##
..........##
#.......###.#..#...
###........#
#..)....##._..##### #........#
#.......###.#..#.). #........#
#.......#####....##
#........####....<...####...##


You could see an orc wizard.

Vanquished Creatures
  An iguana (D:3)
  3 orc wizards
  2 adders
  An ooze (D:3)
  2 worms
  3 giant geckos (D:2)
  3 orcs
  2 ball pythons
  7 bats
  2 giant cockroaches
  4 hobgoblins
  4 jackals (D:1)
  5 kobolds
  A quokka (D:2)
  5 giant newts
  10 goblins
  3 rats
58 creatures vanquished.

Notes
Turn   | Place    | Note
--------------------------------------------------------------
     0 | D:1      | Lathuz the Deep Elf Conjurer began the quest for the Orb.
     0 | D:1      | Reached XP level 1. HP: 10/10 MP: 6/6
   203 | D:1      | Reached XP level 2. HP: 15/15 MP: 1/8
   333 | D:1      | Reached skill level 5 in Conjurations
  1092 | D:2      | Reached XP level 3. HP: 19/19 MP: 6/9
  1838 | D:3      | Reached skill level 6 in Conjurations
  1847 | D:3      | Reached XP level 4. HP: 24/24 MP: 3/10
  2391 | D:3      | Found a glowing golden altar of the Shining One.
  3100 | D:4      | Reached skill level 7 in Conjurations
  3100 | D:4      | Reached XP level 5. HP: 28/28 MP: 5/11
  3335 | D:3      | Slain by an orc wizard

Vault maps used:
D:1:      minmay_arrival_solitary_statue
D:3:      nicolae_tso_swordbearing_angel, first_bread
D:4:      minmay_misc_feat_square, serial_park_tiny_1, kennysheep_small_circle

Action                   |  1- 3 |  4- 6 || total
-------------------------+-------+-------++-------
Melee: Unarmed           |    14 |       ||    14
       Dagger            |       |     4 ||     4
 Cast: Magic Dart        |    79 |    68 ||   147
  Eat: Chunk             |     2 |     3 ||     5
       Bread ration      |       |     1 ||     1
